 Dungeon Crawl Stone Soup version 0.25-a0-156-g0c4bda3fdf (webtiles) character file.

Game seed: 5961473561034799935, levelgen mode: deterministic

3395 Leeroy the Ducker (level 9, -2/79 HPs)
             Began as a Red Draconian Skald on Nov 20, 2019.
             Was a Believer of Okawaru.
             Slain by a hippogriff (6 damage)
             ... on level 7 of the Dungeon.
             The game lasted 00:24:10 (8055 turns).

Leeroy the Ducker (Red Draconian Skald)             Turns: 8055, Time: 00:24:11

Health: -2/79      AC:  9    Str: 14    XL:     9   Next: 75%
Magic:  15/15      EV: 18    Int: 15    God:    Okawaru [**....]
Gold:   390        SH:  4    Dex: 18    Spells: 6/16 levels left

rFire    + . .     SeeInvis .   f - +4 morningstar of Moderation {crush, Dex+6}
rCold    . . .     Gourm    .   (no shield)
rNeg     . . .     Faith    .   (armour unavailable)
rPois    .         Spirit   .   (helmet restricted)
rElec    .         Reflect  +   C - +0 cloak {MR+}
rCorr    .         Harm     .   (no gloves)
MR       +....                  b - +0 pair of boots
Stlth    ++........             I - +4 amulet of reflection
HPRegen  0.23/turn              (no ring)
MPRegen  0.14/turn              (no ring)

@: short of breath, hasted, very quick
A: breathe fire, unfitting armour, fire resistance 1, cold-blooded, AC +7
a: Breathe Fire, Heroism, Renounce Religion


You were on level 7 of the Dungeon.
You worshipped Okawaru.
Okawaru was pleased with you.
You were very hungry.

You visited 2 branches of the dungeon, and saw 9 of its levels.

You collected 390 gold pieces.

Inventory:

Hand Weapons
 a - a +0 falchion
 f - the +4 morningstar of Moderation (weapon) {crush, Dex+6}
   (You found it on level 6 of the Dungeon)

   It inflicts extra damage upon your enemies.
   It affects your dexterity (+6).
 r - a +1 dagger of draining
 y - a +1 mace of holy wrath
 B - a +4 quarterstaff of chaos
 E - a +1 vampiric battleaxe
Missiles
 k - 57 poisoned darts (quivered)
 p - 4 silver boomerangs
Armour
 b - a +0 pair of boots (worn)
 q - a +0 buckler
 C - a +0 cloak of magic resistance (worn)
Jewellery
 n - a +2 amulet of reflection
 I - a +4 amulet of reflection (around neck)
 J - a cursed ring of teleportation {unknown}
Wands
 o - a wand of random effects (18)
Scrolls
 d - 3 scrolls of blinking
 g - 4 scrolls of teleportation
 i - 3 scrolls of remove curse {unknown}
 j - 4 scrolls of noise
 m - 2 scrolls of amnesia
 s - 2 scrolls of fog {unknown}
 u - 3 scrolls of identify
 G - a scroll of vulnerability {unknown}
Potions
 e - 2 potions of curing
 h - 4 potions of resistance
 l - 2 potions of haste
 t - 2 potions of degeneration {unknown}
 v - 2 potions of lignification {unknown}
 w - 4 potions of berserk rage
 x - a potion of agility {unknown}
 z - a potion of mutation {unknown}
 A - a potion of brilliance {unknown}
 D - 2 potions of flight {unknown}
 F - a potion of invisibility {unknown}
Comestibles
 c - 7 rations
 H - 5 chunks of flesh


   Skills:
 - Level 7.1 Fighting
 - Level 5.0 Long Blades
 + Level 7.5 Dodging
 - Level 4.0 Spellcasting
 - Level 5.0 Hexes
 - Level 4.0 Charms
 - Level 3.1 Necromancy


You had 6 spell levels left.
You knew the following spells:

 Your Spells              Type           Power        Failure   Level  Hunger
a - Infusion              Chrm           ###.         3%          1    None
b - Spectral Weapon       Hex/Chrm       ###.....     9%          3    ###....
c - Regeneration          Chrm/Necr      ##........   12%         3    ###....
d - Confuse               Hex            ###.....     7%          3    ###....

Your spell library contained the following spells:

 Spells                   Type           Power        Failure   Level  Hunger
 Confusing Touch          Hex            ###...       2%          1    None
 Song of Slaying          Chrm           ###.....     5%          2    ##.....
 Shroud of Golubria       Chrm/Tloc      #.....       12%         2    ##.....
 Gell's Gravitas          Tloc           #.........   47%         3    ###....
 Petrify                  Tmut/Erth      #.......     87%         4    ####...
 Metabolic Englaciation   Hex/Ice        ##........   87%         5    ######.
 Yara's Violent Unravell  Hex/Tmut       ##........   87%         5    ######.


Dungeon Overview and Level Annotations

Branches:
Dungeon (8/15)             Temple (1/1) D:5
   Lair: D:8-11

Altars:
Fedhas
Makhleb
Okawaru
Qazlal


Innate Abilities, Weirdness & Mutations

You can breathe blasts of fire.
Your fiery red scales are hard. (AC +7)
You cannot fit into any form of body armour.
Your flesh is heat resistant. (rF+)
You are cold-blooded and may be slowed by cold attacks.


Message History

The kobold throws a stone.
The stone completely misses you.
The kobold throws a stone.
The stone closely misses you.
The kobold throws a stone.
The stone closely misses you.
You see here 2 stones.
You feel yourself speed up. The orc wizard casts a spell at you.
The magic dart hits you.
* * * LOW HITPOINT WARNING * * *
An orc comes into view. It is wielding a +0 war axe.
The orc shouts!
There is a stone staircase leading up here.
You climb upwards.
The green ugly thing barely misses you.
There is a stone staircase leading down here.
You recover from your berserk rage.
A hippogriff comes into view.
The hippogriff screeches!
The hippogriff bites you.
* * * LOW HITPOINT WARNING * * *
The hippogriff barely misses you. The hippogriff claws you.
You die...

#.#####(..#.###..........#..
#.........#.# #########.....
######....#.# #...##
#....#.# #...# #..).#.#
##'## #....#u# ...
#....#.#### .....
#....#.H..# ##...#@...#
#####....# .. ..#### ## ####
# # #


You could see a green ugly thing and a hippogriff.

Vanquished Creatures
  Grinder (D:3)
  Menkaure (D:6)
  A water moccasin (D:5)
  3 orc warriors
  A phantom (D:7)
  6 ogres
  4 centaurs
  2 bullfrogs
  Blork the orc (D:5)
  A gnoll sergeant (D:7)
  A water moccasin zombie (D:6)
  4 scorpions
  A howler monkey (D:3)
  8 crimson imps
  A centaur zombie (D:6)
  A jelly (D:6)
  Crazy Yiuf (D:2)
  3 hounds
  3 orc priests
  A bullfrog skeleton (D:5)
  5 orc wizards
  Natasha (thrice) (D:2)
  6 worker ants
  A hound skeleton (D:8)
  A worker ant zombie (D:5)
  3 gnolls (D:7)
  9 adders
  3 shadow imps
  2 oozes
  An adder skeleton (D:5)
  An adder zombie (D:6)
  3 worms
  3 dart slugs
  7 leopard geckos
  23 orcs
  A ball python (D:1)
  13 bats
  4 giant cockroaches
  7 goblins
  14 hobgoblins
  8 jackals
  15 kobolds
  A quokka (D:4)
  7 frilled lizards
  A giant cockroach zombie (D:6)
  2 leopard gecko zombies
  22 rats
211 creatures vanquished.

Vanquished Creatures (others)
  2 spectral weapons
2 creatures vanquished.

Grand Total: 213 creatures vanquished

Notes
Turn   | Place    | Note
-------+----------+-------------------------------------------
     0 | D:1      | Leeroy the Draconian Skald began the quest for the Orb.
     0 | D:1      | Reached XP level 1. HP: 17/17 MP: 3/3
    52 | D:1      | Reached XP level 2. HP: 19/24 MP: 5/5
   295 | D:1      | Reached XP level 3. HP: 24/29 MP: 6/6
   609 | D:1      | Learned a level 3 spell: Spectral Weapon
  1039 | D:2      | Found a burning altar of Makhleb.
  1086 | D:2      | Reached XP level 4. HP: 14/36 MP: 7/7
  1109 | D:2      | Learned a level 3 spell: Regeneration
  1342 | D:2      | Found a runed translucent door.
  1343 | D:2      | Noticed Crazy Yiuf
  1634 | D:2      | Noticed Natasha
  1643 | D:2      | Killed Natasha
  1643 | D:2      | Reached skill level 5 in Long Blades
  2067 | D:2      | Noticed Natasha
  2205 | D:3      | Reached skill level 1 in Hexes
  2213 | D:3      | Reached XP level 5. HP: 28/41 MP: 8/8
  3099 | D:3      | Noticed Grinder
  3245 | D:4      | Found a stormy altar of Qazlal.
  3320 | D:4      | Reached XP level 6. HP: 37/48 MP: 6/9
  3411 | D:3      | Paralysed by Grinder for 5 turns
  3427 | D:3      | Killed Grinder
  3427 | D:3      | Reached skill level 5 in Hexes
  3427 | D:3      | Your scales start taking on a fiery red colour.
  3427 | D:3      | Reached XP level 7. HP: 14/55 MP: 6/10
  3427 | D:3      | Gained mutation: Your flesh is heat resistant. (rF+) [Red
                  | Draconian growth]
  3622 | D:2      | Killed Natasha
  3670 | D:2      | Killed Crazy Yiuf
  3746 | D:2      | Noticed Natasha
  3759 | D:2      | Killed Natasha
  4541 | D:5      | Entered Level 5 of the Dungeon
  4896 | D:5      | Reached XP level 8. HP: 60/66 MP: 11/11
  5001 | D:5      | Found a staircase to the Ecumenical Temple.
  5018 | Temple   | Entered the Ecumenical Temple
  5022 | Temple   | Became a worshipper of Warmaster Okawaru
  5236 | D:5      | Reached skill level 5 in Dodging
  5739 | D:6      | Noticed Menkaure
  5831 | D:6      | Noticed Blork the orc
  5834 | D:6      | Got a shimmering morningstar
  6001 | D:5      | Identified the +4 morningstar of Moderation {crush, Dex+6}
                  | (You found it on level 6 of the Dungeon)
  6146 | D:5      | Killed Blork the orc
  6290 | D:6      | Reached * piety under Okawaru
  6350 | D:6      | Reached skill level 5 in Fighting
  6350 | D:6      | Reached XP level 9. HP: 53/74 MP: 8/12
  6512 | D:6      | Killed Menkaure
  7086 | D:7      | Learned a level 3 spell: Confuse
  7107 | D:7      | Noticed a green ugly thing
  7130 | D:7      | Reached ** piety under Okawaru
  7845 | D:7      | Reached skill level 1 in Necromancy
  8023 | D:8      | HP: 3/79 [something (2)]
  8029 | D:8      | HP: 3/79 [something/magic dart (1)]
  8042 | D:8      | HP: 3/79 [orc wizard/magic dart (3)]
  8055 | D:7      | Slain by a hippogriff

Levels and vault maps discovered:
D:1:      erik_arrival_orb_chamber, layout_basic
D:2:      kennysheep_big_flooded_room, layout_loops_cross, lemuel_crystal_altar,
          uniq_crazy_yiuf_cottage, uniq_natasha
D:3:      layout_basic, minmay_starry_boxes, uniq_grinder
D:4:      layout_basic, hangedman_decor_growths,
          nicolae_qazlal_general_emergency
D:5:      layout_basic, minmay_temple_entry_sparse_star, first_ration
D:6:      layout_loops_cross, uniq_menkaure, uniq_blork_the_orc
D:7:      layout_basic
D:8:      layout_loops_ring, hangedman_little_slice_of_home, grunt_ministairs_9
Temple:   regret_index_temple_sigil_plot

Skill      XL: |  1  2  3  4  5  6  7  8  9 |
---------------+----------------------------+-----
Long Blades    | 3 4 5 |  5.0
Hexes          | 1 3 5 |  5.0
Fighting       | 4 5 7 |  7.1
Charms         | 4 |  4.0
Dodging        | 3 7 |  7.5
Spellcasting   | 4 |  4.0
Necromancy     | 3 |  3.1

Action                   |  1- 3 |  4- 6 |  7- 9 || total
-------------------------+-------+-------+-------++-------
Melee: Falchion          |   149 |   225 |    70 ||   444
       Tailslap          |    14 |    27 |    44 ||    85
       Quarterstaff      |       |       |   101 ||   101
       Mace              |       |       |     7 ||     7
       Morningstar       |       |       |   162 ||   162
 Cast: Spectral Weapon   |       |     8 |    10 ||    18
       Infusion          |       |       |     1 ||     1
       Regeneration      |       |       |     1 ||     1
       Confuse           |       |       |     2 ||     2
 Abil: Breathe Fire      |       |       |     5 ||     5
  Use: Potion            |       |     3 |     7 ||    10
       Scroll            |       |       |     8 ||     8
 Stab: Sleeping          |     1 |       |     2 ||     3
       Petrifying        |       |       |     1 ||     1
       Paralysed         |       |       |     1 ||     1
       Distracted        |       |       |     1 ||     1
  Eat: Chunk             |       |     6 |    18 ||    24
       Ration            |       |     1 |       ||     1
Armor: Skin              |    68 |    56 |   149 ||   273
Dodge: Dodged            |   127 |   150 |   286 ||   563
Block: Other             |       |       |    17 ||    17
       Reflection        |       |       |     1 ||     1
       Rpst.: Falchion   |    47 |    45 |    21 ||   113

Table legend:
 A = Non-vault XP
 B = Vault XP
 C = Vault XP percentage of total XP
 D = Non-vault monster count
 E = Vault monster count
 F = Vault count percentage of total count
                 A         B        C        D         E       F
            +---------+---------+-------+---------+---------+-------
      Total |    4209 |     642 |  13.2 |     187 |      24 |  11.4
            +---------+---------+-------+---------+---------+-------
        D:1 |      61 |      12 |  16.4 |      35 |      12 |  25.5
        D:2 |     132 |      79 |  37.4 |      22 |       4 |  15.4
        D:3 |     307 |     281 |  47.8 |      40 |       5 |  11.1
        D:4 |     353 |       0 |   0.0 |      16 |       0 |   0.0
        D:5 |    1185 |      90 |   7.1 |      22 |       1 |   4.3
        D:6 |     710 |     169 |  19.2 |      26 |       1 |   3.7
        D:7 |     875 |       0 |   0.0 |      13 |       0 |   0.0
        D:8 |     586 |      11 |   1.8 |      13 |       1 |   7.1
            +---------+---------+-------+---------+---------+-------
